 Dungeon Crawl Stone Soup version 0.23-a0-635-g88ca12a7de (webtiles) character file.

57 Adamkad1 the Magician (level 3, 0/19 HPs)
             Began as a Deep Elf Wizard on Dec 27, 2018.
             Was an Initiate of Vehumet.
             Shot with an arrow by a centaur (9 damage)
             ... on level 2 of the Dungeon.
             The game lasted 00:08:12 (3119 turns).

Adamkad1 the Magician (Deep Elf Wizard)             Turns: 3119, Time: 00:08:14

Health: 0/19       AC:  3    Str:  4    XL:     3   Next: 73%
Magic:  10/11      EV: 13    Int: 23    God:    Vehumet [......]
Gold:   122        SH:  0    Dex: 13    Spells: 1/12 levels left

rFire    . . .     SeeInvis .   f - +0 dagger
rCold    . . .     Gourm    .   (no shield)
rNeg     . . .     Faith    .   a - +0 robe
rPois    .         Spirit   .   b - +0 hat
rElec    .         Reflect  .   g - +0 cloak
rCorr    .         Harm     .   (no gloves)
MR       .....                  (no boots)
Stlth    ++........             (no amulet)
HPRegen  0.06/turn              (no ring)
MPRegen  0.12/turn              (no ring)

@: no status effects
A: no striking features
a: Renounce Religion


You were on level 2 of the Dungeon.
You worshipped Vehumet.
Vehumet was noncommittal.
You were hungry.

You visited 1 branch of the dungeon, and saw 2 of its levels.

You collected 122 gold pieces.

Inventory:

Hand Weapons
 f - a +0 dagger (weapon)
Armour
 a - a +0 robe (worn)
 b - a +0 hat (worn)
 g - a +0 cloak (worn)
Scrolls
 i - 4 scrolls of identify {unknown}
 k - a scroll of teleportation {unknown}
 l - 3 scrolls of remove curse {unknown}
 m - a scroll of amnesia {unknown}
 n - a scroll of fear {unknown}
 o - a scroll of noise {unknown}
 p - a scroll of blinking {unknown}
 q - a scroll of immolation {unknown}
Potions
 c - 3 potions of agility {unknown}
 e - a potion of degeneration {unknown}
 h - a potion of flight {unknown}
 j - a potion of brilliance {unknown}
Comestibles
 d - 2 rations


   Skills:
 + Level 3.0 Dodging
 + Level 3.1 Stealth
 * Level 5.2 Spellcasting
 * Level 2.3 Conjurations
 - Level 1.1 Summonings
 - Level 1.1 Translocations
 + Level 0.0 Fire Magic


You had one spell level left.
You knew the following spells:

 Your Spells              Type           Power        Failure   Level  Hunger
a - Magic Dart            Conj           ###.         3%          1    None
b - Blink                 Tloc           N/A          9%          2    None
c - Call Imp              Summ           ##......     9%          2    None
d - Mephitic Cloud        Conj/Pois/Air  #.......     21%         3    ##.....
e - Conjure Flame         Conj/Fire      ##......     17%         3    ##.....

Your spell library contained the following spells:

 Spells                   Type           Power        Failure   Level  Hunger
 Slow                     Hex            #.......     14%         2    None


Dungeon Overview and Level Annotations

Branches:
Dungeon (2/15)

Altars:
Vehumet
Yredelemnul


Message History

You start resting.
You are feeling hungry.
Found a radiant altar of Vehumet.
There is a radiant altar of Vehumet here.
You kneel at the altar of Vehumet.
Vehumet welcomes you!
Found a basalt altar of Yredelemnul.
The centaur is too close now for your liking.
Casting: Magic Dart (safe; 3% risk of failure)
Confirm with . or Enter, or press ? or * to list all spells.
Aiming: Magic Dart (safe; 3% risk of failure)
Press: ? - help, Shift-Dir - straight line, f - centaur
Aim: a centaur, wielding a +0 morningstar (hasn't noticed you)
The magic dart hits the centaur.
The centaur shouts!
The centaur unwields a +0 morningstar.
The centaur wields a +0 shortbow.
The centaur shoots an arrow.
The arrow hits you!
Ouch! That really hurt!
The centaur shoots an arrow.
The arrow hits you!
You die...

#.#<.gc..# .g. ##.#
#g####...#..... ##..#
#...g.......... ##..##
######...s..... ##..##
........... ##)...##
###.###.c... ##..##..# #.#
#.#### ##..##.... #.# #.#
##..##..##. #.# #@#
##..##....## ..# #.#
##..##..##..# ##### #####.#
#(.##..##.#..
#.#_###_#⌠#.#####..##..##..#
#.#.#.#.#.8.....##..##.†..##
##...........###.###..##..##.
#..............#.# ##..##....
#..#.#.#.#.8.#.#.# ##..##..#
##♣###♣#.#####.#.# ##....##


You could see a centaur and a scorpion (wandering).

Vanquished Creatures
  2 oozes
  3 dart slugs
  A leopard gecko (D:2)
  3 bats (D:2)
  3 giant cockroaches (D:1)
  5 goblins
  7 hobgoblins
  2 jackals (D:1)
  A ball python (D:1)
  4 frilled lizards
  4 kobolds
  A rat (D:2)
36 creatures vanquished.

Vanquished Creatures (collateral kills)
  A bat (D:2)
  A goblin (D:2)
  A hobgoblin (D:2)
3 creatures vanquished.

Grand Total: 39 creatures vanquished

Notes
Turn   | Place    | Note
-------+----------+-------------------------------------------
     0 | D:1      | Adamkad1 the Deep Elf Wizard began the quest for the Orb.
     0 | D:1      | Reached XP level 1. HP: 10/10 MP: 7/7
   243 | D:1      | Reached XP level 2. HP: 13/15 MP: 9/9
  1280 | D:1      | Reached XP level 3. HP: 18/19 MP: 6/11
  1391 | D:2      | Noticed a centaur
  1405 | D:2      | Noticed a scorpion
  1475 | D:2      | Learned a level 2 spell: Blink
  1478 | D:2      | Learned a level 2 spell: Call Imp
  1482 | D:2      | Learned a level 3 spell: Mephitic Cloud
  1486 | D:2      | Learned a level 3 spell: Conjure Flame
  1529 | D:2      | Reached skill level 5 in Spellcasting
  3092 | D:2      | Found a radiant altar of Vehumet.
  3097 | D:2      | Became a worshipper of Vehumet
  3101 | D:2      | Found a basalt altar of Yredelemnul.
  3119 | D:2      | Shot with an arrow by a centaur

Vault maps used:
D:1:      ncdulo_lavacross, serial_curves, eino_curves_02, eino_curves_04
D:2:      minmay_alternating_diamond, lemuel_round_altar, minitemple

Skill      XL: |  1  2  3 |
---------------+----------+-----
Conjurations   | 2 |  2.3
Stealth        | 3 |  3.1
Spellcasting   | 5 |  5.2
Dodging        | 3 |  3.0
Summonings     | |  1.1
Translocations | |  1.1

Action                   || total
-------------------------++-------
Melee: Unarmed           ||     6
       Dagger            ||    92
 Cast: Magic Dart        ||    62
       Conjure Flame     ||     5
       Mephitic Cloud    ||     2
       Blink             ||     1
       Call Imp          ||     1
 Stab: Sleeping          ||     5
       Distracted        ||     1
  Eat: Chunk             ||     3
       Ration            ||     1
Armor: Robe              ||    30
Dodge: Dodged            ||   106

Table legend:
 A = Non-vault XP
 B = Vault XP
 C = Vault XP percentage of total XP
 D = Non-vault monster count
 E = Vault monster count
 F = Vault count percentage of total count
                 A         B        C        D         E       F
            +---------+---------+-------+---------+---------+-------
      Total |      79 |       3 |   3.7 |      38 |       1 |   2.6
            +---------+---------+-------+---------+---------+-------
        D:1 |      43 |       0 |   0.0 |      19 |       0 |   0.0
        D:2 |      36 |       3 |   7.7 |      19 |       1 |   5.0
            +---------+---------+-------+---------+---------+-------
